 Dungeon Crawl Stone Soup version 0.28.0 (webtiles) character file.

Game seed: 9794764381114053439

94305 GraveyardiganJr the Severer (level 15, 0/146 HPs)
             Began as a Troll Berserker on Feb 5, 2022.
             Was a High Priest of Trog.
             Killed from afar by Asterion (10 damage)
             ... with an orb of electricity
             ... on level 1 of the Elven Halls.
             The game lasted 04:29:09 (23263 turns).

GraveyardiganJr the Severer (Troll Berserker)      Turns: 23263, Time: 04:29:10

Health: 0/146      AC: 16    Str: 31    XL:     15   Next: 63%
Magic:  14/14      EV: 11    Int:  7    God:    Trog [*****.]
Gold:   423        SH: 10    Dex: 13    Spells: 14/14 levels left

rFire   + . .      SeeInvis +   a - +9 broad axe (flame)
rCold   . . .      Faith    .   K - +0 kite shield
rNeg    . . .      Spirit   .   J - +3 troll leather armour
rPois   .          Reflect  .   M - +3 crown of Dyrovepreva {rElec Int+2 SInv}
rElec   +          Harm     .   (no cloak)
rCorr   .          Rampage  .   (gloves unavailable)
Will    +....                   (boots unavailable)
Stlth   +.........              (no amulet)
HPRegen 1.94/turn               W - ring of Faefor Qugy {rF+ Str+2}
MPRegen 0.14/turn               y - +4 ring of protection

@: lethally poisoned (0 -> -14), on berserk cooldown, slowed, very slow
A: large, unfitting armour, claws 3, regeneration 1, shaggy fur 1, tough skin 1
a: Renounce Religion, Berserk, Trog's Hand, Brothers in Arms


You were on level 1 of the Elven Halls.
You worshipped Trog.
Trog was extremely pleased with you.
You visited 4 branches of the dungeon, and saw 24 of its levels.
You also visited: Ossuary.

You collected 2427 gold pieces.
You spent 2004 gold pieces at shops.

Inventory:

Hand Weapons
 a - a +9 broad axe of flaming (weapon)
Missiles
 h - 4 silver javelins
 i - 8 javelins
 k - 33 large rocks (quivered)
 p - 21 boomerangs
 L - a throwing net
 T - 2 curare-tipped darts
 X - 21 poisoned darts
Armour
 J - a +3 troll leather armour (worn)
 K - a +0 kite shield (worn)
 M - the +3 crown of Dyrovepreva (worn) {rElec Int+2 SInv}
   (You bought it in a shop on level 10 of the Dungeon)

   Int:       It affects your intelligence (+2).
   rElec:     It insulates you from electricity.
   SInv:      It lets you see invisible.
Jewellery
 w - a +4 ring of evasion
 x - the ring "Pauno" {Will+ Int+2 Dex+2 Stlth+}
   (You took it off a centaur warrior on level 11 of the Dungeon)

   [ring of willpower]

   Int:       It affects your intelligence (+2).
   Dex:       It affects your dexterity (+2).
   Will:      It increases your willpower.
   Stlth:     It makes you more stealthy.
 y - a +4 ring of protection (right claw)
 D - a ring of ice
 W - the ring of Faefor Qugy (left claw) {rF+ Str+2}
   (You found it on level 4 of the Lair of Beasts)

   [ring of protection from fire]

   Str:       It affects your strength (+2).
   rF:        It protects you from fire.
Wands
 d - a wand of paralysis (11)
 f - a wand of charming (2)
 l - a wand of mindburst (19)
 t - a wand of flame (22)
 E - a wand of polymorph (3)
 Q - a wand of acid (5)
 S - a wand of iceblast (16)
Scrolls
 e - 5 scrolls of vulnerability
 m - a scroll of fog
 n - a scroll of brand weapon
 q - a scroll of silence
 s - 12 scrolls of teleportation
 C - 5 scrolls of blinking
 G - a scroll of summoning
 H - 5 scrolls of identify
 R - 3 scrolls of fear
 U - a scroll of magic mapping
Potions
 c - 12 potions of curing
 g - 2 potions of attraction
 j - 6 potions of flight
 o - 3 potions of ambrosia
 r - 7 potions of heal wounds
 u - 2 potions of resistance
 z - 4 potions of haste
 A - 2 potions of might
 B - a potion of invisibility
 F - 3 potions of lignification
 N - a potion of cancellation
Miscellaneous
 b - a phial of floods
 v - a phantom mirror
 V - a lightning rod (4/4)


   Skills:
 + Level 9.2 Fighting
 + Level 17.7 Axes
 + Level 7.8 Throwing
 - Level 1.0 Armour
 + Level 8.0 Dodging
 * Level 7.6 Shields
 + Level 5.2 Unarmed Combat
 * Level 1.8 Evocations


You had 14 spell levels left.
You didn't know any spells.
Your spell library was empty.

Dungeon Overview and Level Annotations

Branches:
Dungeon (15/15)            Temple (0/1) D:7            Lair (6/6) D:8
  Swamp (0/4) Lair:4        Snake (0/4) Lair:2        Slime (0/5) Lair:6
    Orc (2/2) D:12            Elf (1/3) Orc:2        Vaults (0/5) D:14
 Depths (0/4) D:15        Ossuary (visited)

Altars:
Dithmenos
Fedhas
Hepliaklqana
Kikubaaqudgha
Nemelex Xobeh
Okawaru
Ru
Trog
Beogh
Jiyva

Shops:
D:5 *   D:6 *   D:10 [   Orc:2 ?!(:

Annotations:
D:3 1 runed translucent door, exclusion: door, Crazy Yiuf
D:7 7-hydra, boulder beetle, treasure?
D:11 dig vault
D:14 3 runed translucent doors, Onucvo's ghost, journeyman FoFi
Lair:1 exclusion: hydra
Lair:2 exclusions: hydra and komodo dragon
Lair:4 3 runed translucent doors, exclusion: 3 doors, scisormetimb3rs's ghost, journeyman OgFi
Lair:6 1 runed translucent door
Orc:1 2 transporters, pkoi's ghost, journeyman MiHu
Orc:2 1 runed translucent door, pdpol's ghost, journeyman MiBe
Elf:1 Asterion


Innate Abilities, Weirdness & Mutations

You are too large for most types of armour.
You have claws for hands.
Your natural rate of healing is unusually fast.
You are covered in fur. (AC +1)
You have tough skin. (AC +1)


Message History

Asterion gores you but does no damage. Asterion blocks your attack.
Asterion is heavily wounded.
You closely miss the balrug.
You feel very sick. Asterion hits you but does no damage.
You are more poisoned.
You block Asterion's attack. You block the balrug's attack.
You hit Asterion. You burn Asterion.
Asterion is severely wounded.
You slash the balrug!
You feel very sick.
Asterion conjures a destructive force in the name of Makhleb!
The bolt of lightning hits you! You resist.
* * * LOW HITPOINT WARNING * * *
The bolt of lightning hits the balrug!!
The balrug dies!
The balrug disappears in a puff of smoke!
You slash Asterion! You burn Asterion.
Asterion is severely wounded.
You feel very sick. Asterion barely misses you. Asterion gores you.
* * * LOW HITPOINT WARNING * * *
Asterion blocks your attack.
Asterion is severely wounded.
You are no longer berserk.
You are exhausted.
You feel yourself slow down.
You feel very sick.
Okay, then.
Your ogre goes berserk!
You feel very sick.
Asterion hits you with a +2 demon trident of venom!
* * * LOW HITPOINT WARNING * * *
You are lethally poisoned!
Asterion gores you but does no damage.
Asterion conjures a destructive force in the name of Makhleb!
The orb of electricity explodes!
The orb of electricity engulfs you! You resist.
You die...

## #. #+ ##. #.# #+# #..
#+# #.# #.# ##. #.# #.#
#.# ##'. #.# #O#
##'####.## #.# ##H#
##...>.'### ##'###@#
##.......### ##....ยง##
##.........## #.......#
#...........#
#.......####...........#
#.......'.>'.........}.#
#.......####...........#
#.......# #...........#
##.....## ##....>....##
####### ##.......#'.


You could see Asterion (fast, ally target) and a friendly ogre (summoned,
berserk).

Vanquished Creatures
  Azrael (D:15)
  A dire elephant (Lair:6)
  Josephine (Lair:4)
  Fannar (D:12)
  A catoblepas (Lair:6)
  8 hydras
  4 boulder beetles
  6 centaur warriors
  7 two-headed ogres
  A merfolk avatar (Lair:6)
  4 death yaks (Lair:4)
  A tengu warrior (D:10)
  2 orc high priests (Orc:2)
  A shock serpent (shapeshifter) (D:15)
  Sonja (Lair:1)
  2 deep elf knights (Elf:1)
  4 skeletal warriors (D:15)
  A sea snake (Lair:6)
  2 bog bodies (Lair:4)
  A harpy (shapeshifter) (D:14)
  A deep elf archer (Elf:1)
  3 deep elf zephyrmancers (Elf:1)
  Pikel (D:5)
  4 deep elf pyromancers
  An orc knight (D:15)
  4 ugly things
  9 cyclopes
  5 orc sorcerers
  A salamander (D:15)
  5 manticores
  5 black mambas
  16 elephants
  A gargoyle (D:12)
  2 torpor snails
  12 cane toads
  A rime drake (Lair:6)
  2 unseen horrors
  2 efreet (D:7)
  12 komodo dragons
  A yaktaur (D:14)
  3 polar bears
  7 trolls
  21 blink frogs
  4 slime creatures (D:12)
  4 dream sheep (Lair:6)
  A snapping turtle (Lair:6)
  A jumping spider (Orc:1)
  2 shadows
  4 wyverns
  A vampire (D:11)
  56 yaks
  A fire elemental (D:15)
  5 wraiths
  7 basilisks
  5 steam dragons
  10 vampire mosquitoes
  3 wargs
  3 hell hounds (D:15)
  15 water moccasins
  31 orc warriors
  3 black bears
  2 sky beasts (D:7)
  A necrophage (D:7)
  9 ogres
  11 wolves
  16 centaurs
  Blork the orc (D:6)
  3 lemures (D:5)
  2 phantoms
  2 kobold brigands
  17 bullfrogs
  4 scorpions
  A gnoll sergeant (D:10)
  A wyvern skeleton (D:7)
  3 wyvern zombies
  4 water moccasin zombies
  2 water moccasin skeletons
  4 wights (D:8)
  7 electric eels
  6 centaur zombies
  3 jellies
  2 centaur skeletons (D:7)
  28 orc priests
  10 hounds
  Terence (D:2)
  Ijyb (D:3)
  4 iguanas
  40 orc wizards
  2 howler monkey zombies (D:7)
  2 mummies (Ossuary)
  A howler monkey skeleton (D:7)
  5 gnolls
  10 adders
  A white imp (D:8)
  An ufetubus (D:5)
  2 adder skeletons (D:4)
  3 adder zombies (Ossuary)
  4 worms
  128 orcs
  7 endoplasms
  2 giant cockroaches (D:1)
  5 gnoll zombies (Ossuary)
  10 goblins
  14 hobgoblins
  4 jackals (D:1)
  2 quokkas
  4 ball pythons
  7 bats
  3 frilled lizards (D:1)
  5 hobgoblin zombies (Ossuary)
  13 kobolds
  5 kobold zombies (Ossuary)
  7 orc zombies (Ossuary)
  4 rats
761 creatures vanquished.

Vanquished Creatures (collateral kills)
  A yaktaur captain (D:14)
  A catoblepas (Lair:2)
  A yaktaur (D:14)
3 creatures vanquished.

Vanquished Creatures (others)
  A human (D:6)
  A centaur zombie (D:7)
  A jelly (D:7)
  An orc wizard (Orc:2)
  A bush (D:8)
  36 fungi
  93 plants
134 creatures vanquished.

Grand Total: 898 creatures vanquished

Notes
Turn   | Place    | Note
-------+----------+-------------------------------------------
     0 | D:1      | GraveyardiganJr the Troll Berserker began the quest for the
                  | Orb.
     0 | D:1      | Reached XP level 1. HP: 22/22 MP: 0/0
   130 | D:1      | Reached XP level 2. HP: 29/29 MP: 1/1
   363 | D:1      | Reached ** piety under Trog
   376 | D:1      | Reached XP level 3. HP: 32/36 MP: 2/2
   860 | D:2      | Reached XP level 4. HP: 44/44 MP: 3/3
  1062 | D:2      | Noticed Terence
  1080 | D:2      | Killed Terence
  1160 | D:2      | Identified the +9 hand axe "Aheimir" {freeze, Fly Will+
                  | Dex+5 SInv}
  1217 | D:2      | Reached XP level 5. HP: 52/52 MP: 4/4
  1357 | D:3      | Reached *** piety under Trog
  1467 | D:3      | Found a faded altar of an unknown god.
  1601 | D:3      | Reached skill level 5 in Unarmed Combat
  1605 | D:3      | Reached skill level 1 in Axes
  1764 | D:3      | Noticed Ijyb
  1783 | D:3      | Killed Ijyb
  1856 | D:3      | Found a runed translucent door.
  1857 | D:3      | Noticed Crazy Yiuf
  1954 | D:4      | Noticed a centaur
  1963 | D:4      | Killed a centaur
  1964 | D:4      | Reached XP level 6. HP: 55/61 MP: 5/5
  2000 | D:4      | Reached skill level 2 in Axes
  2361 | D:5      | Entered Level 5 of the Dungeon
  2461 | D:5      | Found Jydohu's Specific Store.
  2465 | D:5      | Found Derifeiwn's General Store.
  2474 | D:5      | Reached skill level 3 in Axes
  2493 | D:5      | Reached XP level 7. HP: 64/67 MP: 6/6
  2511 | D:5      | Bought a potion of heal wounds for 70 gold pieces
  2639 | D:5      | Reached skill level 1 in Throwing
  2646 | D:5      | Reached skill level 4 in Axes
  2876 | D:5      | Noticed Pikel
  2887 | D:5      | Killed Pikel
  2888 | D:5      | Reached skill level 5 in Axes
  2888 | D:5      | Reached XP level 8. HP: 75/75 MP: 7/7
  3170 | D:6      | Reached skill level 6 in Axes
  3331 | D:6      | Found a sparkling altar of Nemelex Xobeh.
  3392 | D:6      | Noticed Blork the orc
  3403 | D:6      | Killed Blork the orc
  3428 | D:6      | Reached skill level 7 in Axes
  3498 | D:6      | Found an ancient bone altar of Kikubaaqudgha.
  3522 | D:6      | Found Kaly's Assorted Antiques.
  3527 | D:6      | Bought a notched peridot ring for 125 gold pieces
  3833 | D:6      | Bought a scroll labelled ZOJIONESEL for 25 gold pieces
  3833 | D:6      | Bought a scroll labelled BINNOP REU for 25 gold pieces
  3891 | D:7      | Reached XP level 9. HP: 82/84 MP: 8/8
  3978 | D:7      | Noticed a manticore
  4020 | D:7      | Killed a manticore
  4021 | D:7      | Reached skill level 8 in Axes
  4029 | D:7      | Found a staircase to the Ecumenical Temple.
  4047 | D:7      | Found a sand-covered staircase.
  4056 | Ossuary  | Entered an ossuary
  4091 | Ossuary  | Reached **** piety under Trog
  4289 | D:7      | Reached skill level 9 in Axes
  4338 | D:7      | Noticed a manticore
  4347 | D:7      | Killed a manticore
  4356 | D:7      | Reached skill level 5 in Dodging
  4359 | D:7      | Noticed a two-headed ogre
  4360 | D:7      | Noticed a boulder beetle
  4362 | D:7      | Reached ***** piety under Trog
  4364 | D:7      | Noticed a cyclops
  4423 | D:7      | Reached XP level 10. HP: 87/93 MP: 9/9
  4741 | D:7      | Noticed a brown ugly thing
  4753 | D:7      | Killed a brown ugly thing
  4754 | D:7      | Reached skill level 10 in Axes
  4938 | D:5      | Bought a scroll of blinking for 82 gold pieces
  5029 | D:7      | Noticed a seven-headed hydra
  5250 | D:5      | Bought 5 poisoned darts for 22 gold pieces
  5326 | D:8      | Identified the +8 chain mail "Tuuwor" {rF- Str+6}
  5479 | D:8      | Reached skill level 5 in Fighting
  5505 | D:8      | Found a staircase to the Lair.
  5722 | D:8      | Found a hazy altar of Hepliaklqana.
  5736 | D:8      | Found an iron altar of Okawaru.
  5750 | D:8      | Found a blossoming altar of Fedhas.
  5890 | D:8      | Noticed a cyclops
  5917 | D:8      | Killed a cyclops
  6418 | D:9      | Reached skill level 11 in Axes
  7205 | D:10     | Entered Level 10 of the Dungeon
  7381 | D:10     | Noticed a tengu warrior
  7391 | D:10     | Killed a tengu warrior
  7392 | D:10     | Reached XP level 11. HP: 104/104 MP: 10/10
  7393 | D:10     | Found Ceujog's Armour Shoppe.
  7851 | D:11     | Noticed a centaur warrior
  7939 | D:11     | Reached skill level 1 in Armour
  8189 | D:11     | Reached skill level 1 in Shields
  8199 | D:11     | Reached skill level 1 in Evocations
  8358 | D:11     | Reached skill level 12 in Axes
  8588 | D:11     | Identified the ring "Pauno" {Will+ Int+2 Dex+2 Stlth+}
  8595 | D:11     | Killed a centaur warrior
  8741 | D:12     | Reached ****** piety under Trog
  8758 | D:12     | Found a staircase to the Orcish Mines.
  8842 | D:12     | Noticed a two-headed ogre
  8848 | D:12     | Killed a two-headed ogre
  8890 | D:12     | Noticed a seven-headed hydra
  8907 | D:12     | Killed a seven-headed hydra
  9116 | D:12     | Reached XP level 12. HP: 114/114 MP: 11/11
  9185 | D:12     | Received a gift from Trog
  9325 | D:12     | Noticed Fannar
  9340 | D:12     | Killed Fannar
  9341 | D:12     | Reached skill level 13 in Axes
  9427 | D:12     | Noticed a two-headed ogre
  9522 | D:10     | Bought the +3 crown of Dyrovepreva {rElec Int+2 SInv} for
                  | 703 gold pieces
  9522 | D:10     | Found the +3 crown of Dyrovepreva {rElec Int+2 SInv}
  9706 | D:12     | Found an iron altar of Okawaru.
  9909 | Orc:1    | Entered Level 1 of the Orcish Mines
 10102 | Orc:1    | Noticed a two-headed ogre
 10105 | Orc:1    | Noticed pkoi's ghost (journeyman MiHu)
 10105 | Orc:1    | Noticed an ettin
 10107 | Orc:1    | Noticed a two-headed ogre
 10210 | Orc:1    | Noticed Urug
 10212 | Orc:1    | Noticed Urug
 10212 | Orc:1    | Urug changed into Urug the cane toad
 10221 | Orc:1    | Killed Urug the cane toad
 10237 | Orc:1    | Found a transporter.
 10240 | Orc:1    | Found a transporter.
 10247 | Orc:1    | Found a bloodstained altar of Trog.
 10355 | Orc:1    | Reached skill level 5 in Throwing
 10728 | Orc:2    | Entered Level 2 of the Orcish Mines
 10764 | Orc:2    | Found a runed translucent door.
 10768 | Orc:2    | Noticed pdpol's ghost (journeyman MiBe)
 10896 | Orc:2    | Noticed an orc high priest
 10962 | Orc:2    | Found a staircase to the Elven Halls.
 11177 | Orc:2    | Received a gift from Trog
 11635 | Orc:2    | Noticed an orc high priest
 11649 | Orc:2    | Killed an orc high priest
 11717 | Orc:2    | Found Wypsast's Antique Weapon Boutique.
 11717 | Orc:2    | Found Xapro Aka's Magic Scroll Shop.
 11717 | Orc:2    | Found Fiumae's Distillery.
 11733 | Orc:2    | Found Muno's Book Boutique.
 12039 | Orc:2    | Killed an orc high priest
 12413 | Orc:2    | Bought a scroll of enchant armour for 105 gold pieces
 12413 | Orc:2    | Bought a scroll of silence for 105 gold pieces
 12413 | Orc:2    | Bought a scroll of identify for 28 gold pieces
 12556 | Lair:1   | Entered Level 1 of the Lair of Beasts
 12613 | Lair:1   | Reached skill level 14 in Axes
 12663 | Lair:1   | Reached XP level 13. HP: 111/124 MP: 12/12
 12707 | Lair:1   | Noticed Sonja
 12724 | Lair:1   | Received a gift from Trog
 12732 | Lair:1   | Killed Sonja
 13410 | Lair:2   | Found a staircase to the Snake Pit.
 14805 | Lair:3   | Reached skill level 5 in Shields
 14816 | Lair:3   | Reached skill level 15 in Axes
 15307 | Lair:4   | Noticed Josephine
 15383 | Lair:4   | Killed Josephine
 15798 | Lair:4   | Found a staircase to the Swamp.
 15811 | Lair:4   | Received a gift from Trog
 15935 | Lair:4   | Reached XP level 14. HP: 124/135 MP: 13/13
 16020 | Lair:4   | Identified the ring of Faefor Qugy {rF+ Str+2}
 16048 | Lair:4   | Found a runed translucent gate.
 16048 | Lair:4   | Found a runed translucent gate.
 16048 | Lair:4   | Found a viscous altar of Jiyva.
 16048 | Lair:4   | Found a runed translucent gate.
 16048 | Lair:4   | Noticed an azure jelly
 16048 | Lair:4   | Noticed an azure jelly
 16048 | Lair:4   | Noticed an azure jelly
 16048 | Lair:4   | Noticed an azure jelly
 16048 | Lair:4   | Noticed an azure jelly
 16048 | Lair:4   | Noticed scisormetimb3rs's ghost (journeyman OgFi)
 16048 | Lair:4   | Noticed a quicksilver ooze
 16048 | Lair:4   | Noticed an acid blob
 16048 | Lair:4   | Noticed an acid blob
 16050 | Lair:4   | Noticed an azure jelly
 16970 | Lair:5   | Identified the +1 pair of gloves of the Kraken {Regen+
                  | Str-5 Dex+5 Slay+5}
 17176 | Lair:5   | Found a sacrificial altar of Ru.
 17452 | Lair:5   | Reached skill level 16 in Axes
 17539 | Lair:5   | You fall into a shaft and drop 1 floor!
 17539 | Lair:6   | Entered Level 6 of the Lair of Beasts
 17660 | Lair:6   | Found a runed translucent door.
 17661 | Lair:6   | Found a viscous altar of Jiyva.
 17662 | Lair:6   | Noticed an acid blob
 17663 | Lair:6   | Found a staircase to the Slime Pits.
 18507 | Lair:6   | Received a gift from Trog
 18988 | Lair:6   | Found the +7 captain's cutlass {speed, disarm}
 20016 | D:13     | Reached XP level 15. HP: 133/145 MP: 14/14
 20690 | D:14     | Reached skill level 17 in Axes
 20845 | D:14     | Found a gate to the Vaults.
 21240 | D:5      | Bought a wand of mindburst (6) for 110 gold pieces
 21416 | Orc:2    | Bought a potion of curing for 39 gold pieces
 21416 | Orc:2    | Bought 2 potions of haste for 260 gold pieces
 21416 | Orc:2    | Bought 2 potions of heal wounds for 130 gold pieces
 21417 | Orc:2    | Bought a scroll of teleportation for 42 gold pieces
 21417 | Orc:2    | Bought a scroll of summoning for 133 gold pieces
 21588 | D:14     | Found a shadowy altar of Dithmenos.
 21604 | D:14     | Found a runed translucent gate.
 21606 | D:14     | Found an ancient bone altar of Kikubaaqudgha.
 21607 | D:14     | Found a runed translucent gate.
 21607 | D:14     | Found a runed translucent gate.
 21607 | D:14     | Noticed a lich
 21607 | D:14     | Noticed a lich
 21608 | D:14     | Noticed a lich
 21608 | D:14     | Noticed Onucvo's ghost (journeyman FoFi)
 21608 | D:14     | Noticed a lich
 21911 | D:15     | Entered Level 15 of the Dungeon
 21987 | D:15     | Identified the +0 pair of boots "Otsoebarr" {Dex+3}
 22121 | D:15     | Found a staircase to the Depths.
 22168 | D:15     | Noticed Azrael
 22181 | D:15     | Killed Azrael
 22182 | D:15     | Received a gift from Trog
 23121 | Elf:1    | Entered Level 1 of the Elven Halls
 23239 | Elf:1    | Noticed Asterion
 23263 | Elf:1    | Killed from afar by Asterion

Illustrated notes

Levels and vault maps discovered:
D:1:      amcnicky_arrival_feature_with_door, layout_loops_cross
D:2:      layout_rooms, minmay_tripent, uniq_terence
D:3:      layout_rooms, basic_ecumenical_altar, uniq_crazy_yiuf_cottage,
          uniq_ijyb
D:4:      layout_cave_pools
D:5:      layout_loops_ring, hangedman_abyss_or_decor_stagger,
          nicolae_specific_store, serial_bayou_crossing, uniq_pikel
D:6:      layout_basic, mainiacjoe_overflow_24_doors, tgw_kikubaaqudgha,
          serial_shops, kennysheep_little_box, uniq_blork_the_orc
D:7:      nzn_winding_woodlands_large [nzn_winding_woodlands_5x5_open_star,
          nzn_winding_woodlands_5x15_eye, nzn_winding_woodlands_5x5_cross,
          nzn_winding_woodlands_center_pierced_h,
          nzn_winding_woodlands_15x15_five_gardens,
          nzn_winding_woodlands_center_lodge,
          nzn_winding_woodlands_5x5_perimeter,
          nzn_winding_woodlands_5x15_crooked, nzn_winding_woodlands_5x5_three],
          layout_loops_ring, minmay_temple_entry_gardened_gates,
          nicolae_ossuary_entry_ruins
D:8:      layout_cave_pods, chequers_temple_overflow_statue_of_worship,
          lair_entry_dummy, minmay_misc_feat_x, kb_lookout_dungeons_type
D:9:      layout_irregular_city
D:10:     layout_roguey, serial_shops, nicolae_square_shop, nicolae_wwwww
D:11:     argonaut_augean_stables, layout_cave_pools, serial_park,
          serial_park_paths [serial_park_minivault_5x5_7],
          serial_park_tiny_pond, serial_park_square3
          [serial_park_minivault_5x5_2], due_unseen_surprise
D:12:     layout_basic, hiddenorc2_lemuel, kennysheep_okawaru_gauntlet,
          uniq_fannar
D:13:     layout_basic, minmay_misc_feat_tiny
D:14:     layout_loops_ring, david_vaults_2, grunt_dithmenos_smoke_and_mirrors,
          gammafunk_ghost_crypt
D:15:     hangedman_depths_entry_try_elsewhere_first, layout_irregular_city,
          hangedman_decor_push, uniq_azrael
Lair:1:   layout_roguey, chequers_serial_rivers_micro_d, grunt_megastairs_3,
          lemuel_fruit_fields, infiniplex_staircase_pool, uniq_sonja
Lair:2:   layout_loops_ring, minmay_snake_entry_six_corridors
Lair:3:   layout_cave_pods, lemuel_fruit_tree, infiniplex_staircase_pool_2
Lair:4:   layout_cave_shapes, skrybe_swamp_entry_bodies, gammafunk_ghost_ooze,
          lemuel_fruit_fields, grunt_megastairs_5, serial_bayou_shore_b,
          uniq_josephine
Lair:5:   layout_concentric_octagons, lemuel_centaur_altar
Lair:6:   gammafunk_lair_ancient_temple, layout_cave_pods, slime_altar_2,
          grunt_megastairs_1
Orc:1:    layout_diamond_mine, gammafunk_ghost_wrathful_warriors,
          minmay_orc_temple_b, uniq_urug
Orc:2:    st_orc_mages, layout_diamond_mine, hellmonk_ghost_happy_afterlife,
          basic_altar
Elf:1:    layout_geoelf_octagon, serial_shops, nicolae_shop_window_shopping,
          minmay_elf_annihilation, minmay_shop_grove, uniq_asterion

Skill      XL: |  1  2  3  4  5  6  7  8  9 10 11 12 13 14 15 |
---------------+----------------------------------------------+-----
Unarmed Combat | 4 5 |  5.2
Dodging        | 3 4 5 6 7 8 |  8.0
Fighting       | 3 4 5 6 7 8 9 |  9.2
Axes           | 1 3 5 7 9 11 12 14 15 16 17 | 17.7
Throwing       | 1 2 3 4 6 7 |  7.8
Armour         | 1 |  1.0
Shields        | 2 4 5 6 7 |  7.6
Evocations     | 1 |  1.8

Action                   |  1- 3 |  4- 6 |  7- 9 | 10-12 | 13-15 || total
-------------------------+-------+-------+-------+-------+-------++-------
Melee: Unarmed           |    96 |    43 |       |       |       ||   139
       Punch             |     4 |     2 |     9 |     6 |       ||    21
       Hand axe          |       |    90 |   216 |   651 |    56 ||  1013
       Broad axe         |       |       |       |   124 |   810 ||   934
Throw: Stone             |     4 |    10 |     6 |    31 |       ||    51
       Dart              |       |     9 |     5 |    58 |    39 ||   111
       Boomerang         |       |     4 |     1 |    48 |    46 ||    99
       Javelin           |       |       |     2 |    17 |    23 ||    42
       Large rock        |       |       |       |    24 |    36 ||    60
Invok: Berserk           |       |     3 |     8 |    15 |    10 ||    36
       Brothers in Arms  |       |       |       |     1 |     4 ||     5
       Trog's Hand       |       |       |       |     3 |     3 ||     6
Evoke: Wand              |       |     2 |     1 |    18 |     5 ||    26
       Phantom mirror    |       |       |       |       |     1 ||     1
  Use: Scroll            |       |     5 |     7 |    13 |    10 ||    35
       Potion            |       |       |       |     1 |       ||     1
 Stab: Distracted        |       |     1 |       |       |       ||     1
       Paralysed         |       |     3 |       |     8 |       ||    11
       Sleeping          |       |       |     2 |     2 |     3 ||     7
       Invisible         |       |       |       |     1 |       ||     1
       Petrified         |       |       |       |       |     2 ||     2
       Petrifying        |       |       |       |       |     1 ||     1
Armor: Animal skin       |    40 |    19 |    28 |       |       ||    87
       Steam dragon scal |       |       |       |    18 |       ||    18
       Troll leather arm |       |       |       |   102 |   185 ||   287
Dodge: Dodged            |    43 |    69 |    97 |   306 |   334 ||   849
Block: Kite shield       |       |       |       |   165 |   289 ||   454
